AoeStats
← Chill_Deep

Marketplace

504693125Analyzed
1v1 RM · 25d ago on Sep 6, 2026· 62m 27s· 2 players
Game mode
Random Map
Map size
Tiny (2 player)
Population
200
Speed
Normal
Resources
Standard
Victory
Conquest
Starting age
Dark Age
Ending age
Imperial Age
RankedLock teamsTeams togetherTeam positionsShared explorationLock speedFull tech treeHidden civsTurbo modeCheats
Victory
Defeat
🇺🇸 Malians · United States
1239
+17
🇩🇪 Malay · Germany
1255
-17
Chill_Deep
8:13 Loom
10:52 Feudal Age
11:46 Double-Bit Axe
13:27 Horse Collar
21:17 Castle Age
19:57 Bloodlines
20:36 Scale Barding Armor
22:07 Forging
22:17 Husbandry
22:39 Gold Mining
29:36 Thumb Ring
31:08 Bow Saw
31:30 Town Watch
32:14 Elite Skirmisher
33:00 Padded Archer Armor
39:40 Imperial Age
37:45 Wheelbarrow
37:34 Heavy Plow
39:42 Chain Barding Armor
39:13 Fletching
41:57 Bodkin Arrow
42:38 Plate Barding Armor
42:26 Ballistics
42:34 Cavalier
43:35 Masonry
43:09 Treadmill Crane
45:55 Chemistry
45:26 Architecture
45:42 Light Cavalry
49:25 Farimba
49:46 Conscription
49:53 Conscription
60:32 Hand Cart
[DDocs] Dr.Lehrstuhl
10:10 Feudal Age
8:26 Loom
9:24 Man-at-Arms
12:57 Double-Bit Axe
20:57 Castle Age
19:38 Town Watch
20:02 Horse Collar
20:03 Crossbowman
22:32 Fletching
25:48 Forging
25:46 Caravan
25:42 Arson
26:01 Gold Mining
27:36 Pikeman
31:25 Bow Saw
32:25 Wheelbarrow
39:59 Imperial Age
39:17 Iron Casting
40:25 Hand Cart
41:26 Blast Furnace
41:04 Ballistics
41:45 Chemistry
41:21 Bodkin Arrow
42:22 Halberdier
45:14 Scale Barding Armor
45:39 Bracer
45:49 Elite Battle Elephant
47:21 Conscription
56:49 Heavy Plow
Connection lost

Rejoining the realm…

Still unreachable

The connection could not be restored.

Session expired

The server has moved on; the page needs a fresh start.